 Dungeon Crawl Stone Soup version 0.21.0-3-g78d12a8 (webtiles) character file.

81 Megalobster the Chopper (level 4, -5/35 HPs)
             Began as a Human Monk on Jan 17, 2018.
             Slain by Terence
             ... wielding a +0 hand axe
              (7 damage)
             ... on level 3 of the Dungeon.
             The game lasted 00:03:34 (2328 turns).

Megalobster the Chopper (Human Monk)                Turns: 2328, Time: 00:03:34

Health: -5/35      AC:  2    Str: 12    XL:     4   Next: 68%
Magic:  4/4        EV: 14    Int: 11    God:
Gold:   62         SH:  0    Dex: 15    Spells: 3/3 levels left

rFire    . . .     SeeInvis .   a - +0 hand axe
rCold    . . .     Gourm    .   (no shield)
rNeg     . . .     Faith    .   b - +0 robe
rPois    .         Spirit   .   (no helmet)
rElec    .         Reflect  .   (no cloak)
rCorr    .         Harm     .   (no gloves)
MR       .....                  (no boots)
Stlth    ++........             (no amulet)
HPRegen  0.00/turn              (no ring)
MPRegen  0.09/turn              (no ring)

@: no status effects
A: mutation resistance 1, inhibited regeneration
a: no special abilities


You were on level 3 of the Dungeon.
You were not hungry.

You visited 1 branch of the dungeon, and saw 3 of its levels.

You collected 62 gold pieces.

Inventory:

Hand Weapons
 a - a +0 hand axe (weapon)
Missiles
 f - 3 tomahawks (quivered)
Armour
 b - a +0 robe (worn)
Scrolls
 d - 4 scrolls of identify {unknown}
 i - a scroll of teleportation {unknown}
 j - a scroll of blinking {unknown}
 k - a scroll of enchant armour {unknown}
 l - a scroll of magic mapping {unknown}
Potions
 n - a potion of agility {unknown}
 o - a potion of invisibility {unknown}
Comestibles
 c - 3 rations
 p - 3 chunks of flesh


   Skills:
 + Level 3.4 Fighting
 * Level 3.9 Axes
 + Level 1.5 Armour
 + Level 3.4 Dodging
 - Level 2.0 Stealth


You had 3 spell levels left.
You didn't know any spells.

Dungeon Overview and Level Annotations

Branches:
Dungeon (3/15)

Altars:
Fedhas
Qazlal
Ru

Annotations:
D:3 Terence


Innate Abilities, Weirdness & Mutations

You are somewhat resistant to further mutation.
You do not regenerate when monsters are visible.


Message History

Terence barely misses you.
The dart slug bites the fungus but does no damage.
You hit Terence but do no damage.
Terence is almost dead.
Terence misses you.
The dart slug bites the bush but does no damage.
You hit Terence but do no damage.
Terence is almost dead.
Terence hits you but does no damage.
The dart slug bites the bush but does no damage.
You barely miss Terence.
Terence is almost dead.
Terence closely misses you.
You hit Terence but do no damage.
Terence is almost dead.
The dart slug bites the bush but does no damage.
Terence closely misses you.
It was a potion of cancellation.
You feel magically purged. Terence hits you with a hand axe!
You die...

##.## ##.## #...
.....# #..###PPw#(.#
#..##PPPPP..#
#).##.P_P...#
#..##PP.PP..#
#..##.......#
####)..........#
#........^.@@..#
#.##.###.≈.≈^..#
#.##.# ###_≈≈..#
#####.##.# #..#.#..#
.......#.####.^.#..#
#####..............#
#.############## #.#
#<#


You could see Terence and a dart slug.

Vanquished Creatures
  A hound (D:2)
  An adder (D:2)
  An ooze (D:2)
  A worm (D:2)
  An orc (D:3)
  3 bats (D:1)
  3 giant cockroaches
  5 goblins
  5 hobgoblins
  3 jackals (D:1)
  4 kobolds (D:1)
  A quokka (D:2)
  2 rats
31 creatures vanquished.

Notes
Turn   | Place    | Note
-------+----------+-------------------------------------------
     0 | D:1      | Megalobster the Human Monk began the quest for the Orb.
     0 | D:1      | Reached XP level 1. HP: 18/18 MP: 1/1
   242 | D:1      | Reached XP level 2. HP: 18/24 MP: 2/2
   743 | D:1      | Reached XP level 3. HP: 26/29 MP: 3/3
   942 | D:2      | Reached skill level 1 in Armour
  1390 | D:2      | Found a sacrificial altar of Ru.
  1545 | D:2      | Reached XP level 4. HP: 18/35 MP: 4/4
  2261 | D:3      | Found a stormy altar of Qazlal.
  2273 | D:3      | Found a blossoming altar of Fedhas.
  2274 | D:3      | Noticed Terence
  2289 | D:3      | Gained mutation: You do not regenerate when monsters are visible. [potion of mutation]
  2289 | D:3      | Gained mutation: You are somewhat resistant to further mutation. [potion of mutation]
  2328 | D:3      | Slain by Terence

Skill      XL: |  1  2  3 |
---------------+----------+-----
Armour         | 1 |  1.5
Fighting       | |  3.4
Axes           | |  3.9
Dodging        | |  3.4
Stealth        | |  2.0

Action                   |  1- 3 |  4- 6 || total
-------------------------+-------+-------++-------
Melee: Hand axe          |   112 |    55 ||   167
  Use: Potion            |       |     4 ||     4
 Stab: Sleeping          |     5 |     2 ||     7
  Eat: Ration            |     1 |       ||     1
       Chunk             |     1 |       ||     1
Armor: Robe              |    30 |     2 ||    32
Dodge: Dodged            |    83 |    37 ||   120
